 Dungeon Crawl Stone Soup version 0.22-a0-458-gb446440d2e (webtiles) character file.

1 HANFGEIST the Insei (level 1, 0/13 HPs)
             Began as an Octopode Transmuter on June 8, 2018.
             Slain by a kobold
             ... wielding a +0 short sword
              (7 damage)
             ... on level 1 of the Dungeon.
             The game lasted 00:00:04 (21 turns).

HANFGEIST the Insei (Octopode Transmuter)             Turns: 21, Time: 00:00:05

Health: 0/13       AC:  1    Str:  9    XL:     1   Next: 20%
Magic:  2/3        EV: 13    Int: 15    God:
Gold:   0          SH:  0    Dex: 12    Spells: 3/4 levels left

rFire    . . .     SeeInvis .     - Unarmed
rCold    . . .     Gourm    .   (no shield)
rNeg     . . .     Faith    .   (helmet restricted)
rPois    .         Spirit   .   (no amulet)
rElec    .         Reflect  .   (no ring)
rCorr    .         Harm     .   (no ring)
MR       .....                  (no ring)
Stlth    ++........             (no ring)
HPRegen  0.04/turn              (no ring)
MPRegen  0.08/turn              (no ring)
                                (no ring)
                                (no ring)

@: appendage
A: almost no armour, stealthy swim, amphibious, 8 rings, constrict 8, tentacle
spike 3, camouflage 1, gelatinous body 1
a: End Transformation


You were on level 1 of the Dungeon.
You were not hungry.
One of your tentacles had a temporary spike.
You visited 1 branch of the dungeon, and saw 1 of its levels.

Inventory:

Missiles
 a - 12 arrows
Comestibles
 c - a ration


   Skills:
 + Level 1.0 Fighting
 + Level 2.0 Dodging
 + Level 3.1 Unarmed Combat
 + Level 2.0 Spellcasting
 + Level 2.0 Transmutations


You had 3 spell levels left.
You knew the following spells:

 Your Spells              Type           Power        Failure   Level  Hunger
a - Beastly Appendage     Tmut           #.....       10%         1    #......

Your spell library contained the following spells:

 Spells                   Type           Power        Failure   Level  Hunger
 Spider Form              Tmut/Pois      #.........   41%         3    ###....
 Blade Hands              Tmut           #.........   95%         5    ######.
 Ice Form                 Ice/Tmut       #.......     82%         4    #####..
 Sticks to Snakes         Tmut           #.......     14%         2    ###....


Dungeon Overview and Level Annotations

Branches:
Dungeon (1/15)

Altars:


Innate Abilities, Weirdness & Mutations

You cannot wear most types of armour.
You are very stealthy in the water. (Stealth+)
You are amphibious.
You can wear up to eight rings at the same time.
You can use your tentacles to constrict eight enemies at once.
Your skin changes colour to match your surroundings (Stealth+).
Your rubbery body absorbs attacks. (AC +1, EV +1)
One of your tentacles bears a large vicious spike.


Message History

The kobold throws a stone.
The stone completely misses you.
Found 8 gold pieces.
A goblin comes into view.
The kobold throws a stone.
The stone closely misses you.
Found 8 gold pieces.
The helpless goblin fails to defend itself.
You tentacle-slap the goblin. You grab the goblin.
You kill the goblin!
The kobold barely misses you. The bat barely misses you.
You barely miss the kobold. Your grab misses the kobold.
Your tentacle spike misses the kobold.
Your squeeze misses the kobold. The bat completely misses you.
The kobold hits you with a short sword.
You barely miss the kobold. Your grab misses the kobold.
The bat closely misses you. The kobold barely misses you.
You tentacle-slap the kobold. Your grab misses the kobold.
You pierce the kobold.
The kobold is severely wounded.
The bat hits you but does no damage. The kobold hits you with a short sword!
Ouch! That really hurt!
You die...

##≈P...P≈##
#.#≈P8P.P8P≈#
#.##≈P...P≈##
#..##≈#(#≈##
#..###(###
####.....# .
$.......####..##
.........†.....#
.......@.......#
......K........+
..?....b.......#
...............#
.......#+###+###
..$.... #######


You could see a bat and a kobold.

Vanquished Creatures
  A goblin (D:1)
1 creature vanquished.

Notes
Turn   | Place    | Note
-------+----------+-------------------------------------------
     0 | D:1      | HANFGEIST the Octopode Transmuter began the quest for the Orb.
     0 | D:1      | Reached XP level 1. HP: 13/13 MP: 3/3
    21 | D:1      | Slain by a kobold

Vault maps used:
D:1:      ldierk_walled_garden_2, st_stairs_12, minmay_misc_feat_nine_boxes

Action                   || total
-------------------------++-------
Melee: Unarmed           ||     4
       Constrict         ||     1
       Kick              ||     1
       Tentacles         ||     1
 Cast: Beastly Appendage ||     1
 Stab: Sleeping          ||     1
Armor: Skin              ||     1
Dodge: Dodged            ||     7

Table legend:
 A = Spawn XP
 B = Non-spawn XP
 C = Spawn XP percentage of total XP
 D = Spawn monster count
 E = Non-spawn monster count
 F = Spawn count percentage of total count
 G = Total turns spent on level
                    A         B        C        D         E        F      G
               +---------+---------+-------+---------+---------+-------+---------
         Total |       0 |       2 |   0.0 |       0 |       1 |   0.0 |    21
               +---------+---------+-------+---------+---------+-------+---------
           D:1 |       0 |       2 |   0.0 |       0 |       1 |   0.0 |    21
               +---------+---------+-------+---------+---------+-------+---------
